 Dungeon Crawl Stone Soup version 0.23.2-1-ga50397a6bc (webtiles) character file.

Game seed: 12567133752510974238

43829 LabCoat the Severer (level 14, -16/124 HPs)
             Began as a Hill Orc Fighter on May 22, 2019.
             Was a High Priest of Trog.
             Killed from afar by a rime drake (18 damage)
             ... with a flash freeze
             ... on level 6 of the Lair of Beasts.
             The game lasted 01:11:28 (19022 turns).

LabCoat the Severer (Hill Orc Fighter)             Turns: 19022, Time: 01:11:29

Health: -16/124    AC: 22    Str: 24    XL:     14   Next: 26%
Magic:  15/15      EV: 12    Int:  8    God:    Trog [*****.]
Gold:   764        SH: 12    Dex: 12    Spells: 13/13 levels left

rFire    . . .     SeeInvis .   y - +2 flail (freeze)
rCold    . . .     Gourm    .   c - +0 shield
rNeg     . . .     Faith    .   g - +0 plate armour
rPois    +         Spirit   .   K - +2 helmet "Titogum" {MR+}
rElec    .         Reflect  .   (no cloak)
rCorr    .         Harm     .   p - +1 pair of gloves {archery}
MR       ++...                  k - +0 pair of boots
Stlth    ..........             (no amulet)
HPRegen  0.30/turn              D - ring of Abetuh {EV+6 Str+2}
MPRegen  0.14/turn              U - ring of poison resistance

@: about to teleport, berserk cooldown, slowed, studying Short Blades, very slow
A: no striking features
a: Berserk, Trog's Hand, Brothers in Arms, Renounce Religion


You were on level 6 of the Lair of Beasts.
You worshipped Trog.
Trog was extremely pleased with you.
You were hungry.

You visited 3 branches of the dungeon, and saw 18 of its levels.
You also visited: Sewer.

You collected 764 gold pieces.

Inventory:

Hand Weapons
 i - a +0 hand crossbow
 y - a +2 flail of freezing (weapon)
 E - the +7 flail of Autumn {crush, rElec Str+4}
   (You found it on level 8 of the Dungeon)

   It inflicts extra damage upon your enemies.
   It affects your strength (+4).
   It insulates you from electricity.
 Q - a +3 broad axe of chopping
Missiles
 d - 2 tomahawks (quivered)
 x - 6 poisoned tomahawks
 P - a throwing net
 V - 42 bolts
Armour
 c - a +0 shield (worn)
 g - a +0 plate armour (worn)
 k - a +0 pair of boots (worn)
 p - a +1 pair of gloves of archery (worn)
 w - a +0 helmet
 K - the +2 helmet "Titogum" (worn) {MR+}
   (You acquired it on level 3 of the Lair of Beasts)

   It affects your resistance to hostile enchantments.
Jewellery
 v - an uncursed ring of ice
 D - the ring of Abetuh (left hand) {EV+6 Str+2}
   (You took it off a wight on level 7 of the Dungeon)

   [ring of evasion]

   It affects your evasion (+6).
   It affects your strength (+2).
 J - a +5 ring of evasion
 S - an uncursed ring of ice
 U - a ring of poison resistance (right hand)
Wands
 h - a wand of digging (2)
 n - a wand of flame (35)
 F - a wand of acid (20)
 L - a wand of disintegration (23)
 T - a wand of random effects (65)
 W - a wand of iceblast (8)
 X - a wand of paralysis (10)
Scrolls
 a - a scroll of blinking {unknown}
 l - 5 scrolls of teleportation
 q - 2 scrolls of enchant weapon
 u - 2 scrolls of magic mapping
 G - 2 scrolls of enchant armour
 I - 2 scrolls of remove curse
 M - a scroll of random uselessness {unknown}
Potions
 e - 2 potions of ambrosia
 j - 2 potions of haste
 m - 3 potions of cancellation
 r - 3 potions of might
 s - 8 potions of flight
 t - a potion of berserk rage
 z - 2 potions of resistance {unknown}
 A - 4 potions of brilliance
 B - 2 potions of invisibility {unknown}
 H - 3 potions of agility
 R - a potion of magic {unknown}
Books
 C - a manual of Short Blades
Comestibles
 f - 14 rations
 Y - 5 chunks of flesh


   Skills:
 + Level 11.3 Fighting
 - Level 18.9(19.8) Axes
 * Level 9.7(14.1) Maces & Flails
 + Level 3.5 Throwing
 + Level 10.7 Armour
 + Level 10.9 Shields
 * Level 2.1 Evocations


You had 13 spell levels left.
You didn't know any spells.
Your spell library contained the following spells:

 Spells                   Type           Power        Failure   Level  Hunger
 Animate Skeleton         Necr           N/A          100%        1    ##.....
 Apportation              Tloc           #.....       100%        1    ##.....
 Beastly Appendage        Tmut           #.....       100%        1    ##.....
 Confusing Touch          Hex            #.....       100%        1    ##.....
 Summon Butterflies       Summ           #.......     100%        1    ##.....
 Summon Small Mammal      Summ           #...         100%        1    ##.....
 Sticks to Snakes         Tmut           #.......     100%        2    ###....
 Lesser Beckoning         Tloc           #.........   100%        3    ####...
 Spider Form              Tmut/Pois      #.........   100%        3    ####...
 Tukima's Dance           Hex            #.......     100%        3    ####...
 Ice Form                 Ice/Tmut       #.......     100%        4    #####..
 Alistair's Intoxication  Tmut/Pois      #.......     100%        5    ######.
 Blade Hands              Tmut           #.........   100%        5    ######.
 Excruciating Wounds      Chrm/Necr      #.........   100%        5    ######.
 Summon Mana Viper        Hex/Summ       #.......     100%        5    ######.
 Invisibility             Hex            #.......     100%        6    #######


Dungeon Overview and Level Annotations

Branches:
Dungeon (11/15)            Temple (1/1) D:6            Lair (6/6) D:11
 Shoals (0/4) Lair:2        Snake (0/4) Lair:2        Slime (0/5) Lair:5
    Orc: D:9-12

Altars:
Ashenzari
Cheibriados
Dithmenos
Elyvilon
Fedhas
Gozag
Hepliaklqana
Kikubaaqudgha
Makhleb
Nemelex Xobeh
Okawaru
Qazlal
Ru
Sif Muna
Trog
Uskayaw
Vehumet
Wu Jian
Xom
Yredelemnul
Zin
The Shining One
Jiyva

Shops:
D:7 }

Annotations:
D:7 Prince Ribbit


Message History

Your surroundings suddenly seem different.
Splash!
You fall into the shallow water.
Moving in this stuff is going to be slow.
You hear an angry hiss. x2
The hornet seems to regain its courage.
A hippogriff comes into view.
A rime drake comes into view.
A komodo dragon comes into view.
The hornet stings you but does no damage.
Found 42 gold pieces and a glowing leather armour.
As you read the scroll of teleportation, it crumbles to dust.
You feel strangely unstable. You block the hornet's attack.
The komodo dragon bites you!
* * * LOW HITPOINT WARNING * * *
You block the hornet's attack.
It was a potion of berserk rage.
You're still recovering from your berserk rage.
The rime drake breathes ice at you. The flash freeze hits you!!
You die...

......F...w...##≈≈#
.........l#..≈≈≈≈≈#
..............≈P≈≈#
.≈ #≈P# ≈ ≈##≈≈# ≈≈
P ≈≈≈≈# ≈ ≈≈# ≈≈≈#
≈≈[ ≈≈.≈ #H≈#≈P≈≈$
#≈t≈ #@y.≈≈# #m
#.≈≈≈≈l.≈≈# #≈
#..≈≈≈≈#≈≈≈≈≈ #≈
#k≈≈.#≈≈# ≈≈≈P #≈
#....##≈≈# ≈≈≈ #≈
....≈ ≈≈≈#
###########≈ ....
≈≈≈# ≈≈≈≈≈≈≈≈≈.#≈
.#.≈ .≈≈#
≈≈≈≈≈≈≈≈≈≈#≈
≈≈≈l≈≈≈≈≈≈#≈


You could see a komodo dragon, a hippogriff, a rime drake and a hornet.

Vanquished Creatures
  Rupert (Lair:5)
  Gastronok (D:11)
  Kirke (Lair:4)
  3 hydras
  A two-headed ogre (D:10)
  A queen ant (Lair:2)
  Nergalle (Lair:4)
  An unseen horror (D:9)
  An ugly thing (D:11)
  A cyclops (D:11)
  2 manticores
  4 black mambas (Lair:4)
  8 elephants (Lair:6)
  5 spiny frogs
  7 komodo dragons
  2 tyrant leeches (Lair:6)
  2 trolls
  8 hippogriffs
  9 dream sheep (Lair:4)
  11 blink frogs
  4 wyverns
  A basilisk (Lair:4)
  32 yaks
  A hungry ghost (D:10)
  A human (D:7)
  5 hogs
  A swamp worm (Lair:6)
  Menkaure (D:7)
  Edmund (D:4)
  18 soldier ants
  3 nagas (Lair:2)
  13 porcupines
  11 water moccasins
  3 orc warriors
  5 ice beasts
  6 sky beasts
  2 eyes of draining
  2 phantoms
  4 ogres
  A necrophage (D:8)
  4 wolves
  10 centaurs
  9 crocodiles
  10 bullfrogs
  A water moccasin zombie (D:11)
  A water moccasin skeleton (D:11)
  6 scorpions
  14 killer bees
  6 wights (D:7)
  A howler monkey (D:5)
  2 electric eels (Lair:4)
  3 crimson imps
  3 bullfrog zombies
  2 centaur zombies
  2 quasits
  4 bullfrog skeletons
  5 hounds
  3 orc priests
  6 jellies
  4 iguanas
  35 worker ants
  Natasha (thrice) (D:4)
  11 orc wizards
  A merfolk siren (Sewer)
  3 hound skeletons
  2 worker ant zombies
  3 gnolls (D:3)
  5 river rats
  10 adders
  2 shadow imps
  An ooze (D:4)
  An adder skeleton (D:4)
  An adder zombie (D:9)
  A worm (D:4)
  A dart slug (D:2)
  8 leopard geckos
  41 orcs
  4 ball pythons
  5 bats
  6 giant cockroaches
  3 goblins
  21 jackals
  5 quokkas
  11 frilled lizards
  A jackal zombie (D:7)
  5 kobolds
  35 rats
  2 fungi
508 creatures vanquished.

Vanquished Creatures (others)
  A human (Lair:4)
  9 fungi
  23 plants
33 creatures vanquished.

Grand Total: 541 creatures vanquished

Notes
Turn   | Place    | Note
-------+----------+-------------------------------------------
     0 | D:1      | LabCoat the Hill Orc Fighter began the quest for the Orb.
     0 | D:1      | Reached XP level 1. HP: 19/19 MP: 1/1
    92 | D:1      | Reached skill level 3 in Axes
   117 | D:1      | Reached XP level 2. HP: 24/27 MP: 2/2
   647 | D:2      | Reached XP level 3. HP: 33/33 MP: 3/3
   692 | D:2      | Found a radiant altar of Vehumet.
   763 | D:2      | Reached skill level 4 in Axes
   782 | D:2      | Reached XP level 4. HP: 31/40 MP: 4/4
  1144 | D:2      | Found a bloodstained altar of Trog.
  1157 | D:2      | Became a worshipper of Trog the Wrathful
  1226 | D:2      | Found an ornate altar of the Wu Jian Council.
  1524 | D:3      | Found a shimmering altar of Xom.
  1525 | D:3      | Found a shimmering altar of Xom.
  1530 | D:3      | Found a shimmering altar of Xom.
  1571 | D:3      | Reached skill level 5 in Axes
  1603 | D:3      | Noticed a sky beast
  1627 | D:3      | Killed a sky beast
  1627 | D:3      | Reached skill level 6 in Axes
  1627 | D:3      | Reached XP level 5. HP: 15/46 MP: 5/5
  2098 | D:3      | Reached * piety under Trog
  2099 | D:3      | Reached XP level 6. HP: 30/52 MP: 6/6
  2445 | D:4      | Reached skill level 7 in Axes
  2565 | D:4      | Found a glowing drain.
  2577 | Sewer    | Entered a sewer
  2930 | Sewer    | Reached ** piety under Trog
  3274 | D:4      | Reached XP level 7. HP: 56/60 MP: 7/7
  3395 | D:4      | Found a hide-covered altar of Uskayaw.
  3396 | D:4      | Noticed Natasha
  3399 | D:4      | Noticed Edmund
  3403 | D:4      | Killed Natasha
  3403 | D:4      | Reached skill level 8 in Axes
  3411 | D:4      | Killed Edmund
  3521 | D:4      | Noticed Natasha
  3527 | D:4      | Killed Natasha
  3621 | D:4      | Noticed Natasha
  3632 | D:4      | Killed Natasha
  3632 | D:4      | Reached skill level 9 in Axes
  3665 | D:4      | Found a sacrificial altar of Ru.
  4119 | D:5      | Entered Level 5 of the Dungeon
  4371 | D:5      | Reached XP level 8. HP: 66/67 MP: 8/8
  4578 | D:5      | Reached skill level 5 in Fighting
  4578 | D:5      | Reached skill level 10 in Axes
  4749 | D:5      | Reached skill level 5 in Shields
  5161 | D:6      | Reached skill level 11 in Axes
  5161 | D:6      | Reached skill level 5 in Armour
  5226 | D:6      | Reached skill level 1 in Throwing
  5246 | D:6      | Reached *** piety under Trog
  5604 | D:6      | Found a staircase to the Ecumenical Temple.
  5615 | Temple   | Entered the Ecumenical Temple
  5908 | D:7      | Reached XP level 9. HP: 35/74 MP: 9/9
  6133 | D:7      | Reached skill level 12 in Axes
  6148 | D:7      | Found a white marble altar of Elyvilon.
  6474 | D:7      | Noticed Menkaure
  6483 | D:7      | Killed Menkaure
  6768 | D:7      | Identified Afifomor's Catalogue of Necromancy and
                  | Fascination
  6793 | D:7      | Reached skill level 13 in Axes
  6840 | D:7      | Identified the ring of Abetuh {EV+6 Str+2}
  7002 | D:7      | Reached **** piety under Trog
  7339 | D:7      | Noticed Prince Ribbit
  7510 | D:7      | Found Lad Miyf's Gadget Shop.
  7594 | D:7      | Reached XP level 10. HP: 84/84 MP: 10/10
  7600 | D:7      | Reached skill level 14 in Axes
  8260 | D:8      | Got an iridescent flail
  8261 | D:8      | Identified the +7 flail of Autumn {crush, rElec Str+4} (You
                  | found it on level 8 of the Dungeon)
  8460 | D:8      | Reached ***** piety under Trog
  8967 | D:8      | Found a glowing silver altar of Zin.
  9334 | D:9      | Killed an unseen horror
  9334 | D:9      | Reached skill level 15 in Axes
  9600 | D:9      | Found an iron altar of Okawaru.
  9630 | D:9      | Found a sparkling altar of Nemelex Xobeh.
  9636 | D:9      | Found a blossoming altar of Fedhas.
  9636 | D:9      | Found an opulent altar of Gozag.
  9637 | D:9      | Found a deep blue altar of Sif Muna.
  9731 | D:9      | Found an ancient bone altar of Kikubaaqudgha.
  9945 | D:9      | Found a basalt altar of Yredelemnul.
  9971 | D:10     | Entered Level 10 of the Dungeon
 10249 | D:10     | Reached XP level 11. HP: 85/92 MP: 11/11
 10453 | D:10     | Found a sacrificial altar of Ru.
 10497 | D:10     | Reached skill level 16 in Axes
 10604 | D:10     | Received a gift from Trog
 10677 | D:10     | Noticed a two-headed ogre
 10686 | D:10     | Killed a two-headed ogre
 10936 | D:11     | Noticed a cyclops
 10948 | D:11     | Killed a cyclops
 11230 | D:11     | Noticed a manticore
 11241 | D:11     | Killed a manticore
 11250 | D:11     | Reached skill level 17 in Axes
 11367 | D:11     | Found a staircase to the Lair.
 11622 | D:11     | Noticed Gastronok
 11654 | D:11     | Killed Gastronok
 11654 | D:11     | Reached XP level 12. HP: 42/104 MP: 12/12
 12657 | Lair:1   | Entered Level 1 of the Lair of Beasts
 12945 | Lair:1   | Received a gift from Trog
 13279 | Lair:1   | Reached skill level 18 in Axes
 13832 | Lair:2   | Found a staircase to the Snake Pit.
 13946 | Lair:2   | Found a staircase to the Shoals.
 13997 | Lair:2   | Noticed a queen ant
 14010 | Lair:2   | Reached skill level 10 in Fighting
 14014 | Lair:2   | Killed a queen ant
 14082 | Lair:2   | Reached XP level 13. HP: 59/114 MP: 13/13
 14913 | Lair:3   | Reached skill level 10 in Shields
 15020 | Lair:3   | Identified a scroll of acquirement
 15021 | Lair:3   | Got a heavily runed helmet
 15032 | Lair:3   | Identified the +2 helmet "Titogum" {MR+} (You acquired it
                  | on level 3 of the Lair of Beasts)
 15110 | Lair:3   | Reached skill level 1 in Maces & Flails
 15666 | Lair:4   | Noticed Nergalle
 15681 | Lair:4   | Killed Nergalle
 16485 | Lair:4   | Reached skill level 10 in Armour
 16615 | Lair:4   | Reached skill level 5 in Maces & Flails
 16630 | Lair:4   | Noticed Kirke
 16661 | Lair:4   | Killed Kirke
 16702 | Lair:4   | Got a heavily runed helmet
 16703 | Lair:4   | Identified the +1 helmet of Limitation {rF- rC- Str+5
                  | Slay+2} (You found it on level 4 of the Lair of Beasts)
 17604 | Lair:5   | Noticed Rupert
 17620 | Lair:5   | Killed Rupert
 18100 | Lair:5   | Found a viscous altar of Jiyva.
 18100 | Lair:5   | Found a staircase to the Slime Pits.
 18232 | Lair:5   | Reached XP level 14. HP: 124/124 MP: 14/14
 18480 | Lair:6   | Entered Level 6 of the Lair of Beasts
 18506 | Lair:6   | Reached skill level 1 in Evocations
 18510 | Lair:6   | Received a gift from Trog
 19021 | Lair:6   | HP: 1/124 [komodo dragon (13)]
 19022 | Lair:6   | Killed from afar by a rime drake

Skill      XL: |  1  2  3  4  5  6  7  8  9 10 11 12 13 14 |
---------------+-------------------------------------------+-----
Axes           | 3 4 6 7 9 11 13 15 17 18 | 18.9
Fighting       | 4 5 6 7 9 10 11 | 11.3
Shields        | 4 5 6 7 8 9 10 | 10.9
Armour         | 4 5 6 7 8 9 10 | 10.7
Throwing       | 1 2 3 |  3.5
Maces & Flails | 8 9 |  9.7
Evocations     | 2 |  2.1

Action                   |  1- 3 |  4- 6 |  7- 9 | 10-12 | 13-15 || total
-------------------------+-------+-------+-------+-------+-------++-------
Melee: War axe           |    90 |   286 |   401 |   630 |       ||  1407
       Broad axe         |       |       |       |   153 |    45 ||   198
       Flail             |       |       |       |       |   458 ||   458
Throw: Tomahawk          |       |     1 |    29 |    25 |    47 ||   102
Invok: Berserk           |       |     1 |     7 |     7 |     6 ||    21
  Use: Scroll            |     1 |     6 |     3 |     7 |    17 ||    34
       Potion            |       |     1 |     1 |     2 |    10 ||    14
  Eat: Chunk             |       |     9 |     7 |    18 |     9 ||    43
       Ration            |       |       |     4 |     4 |     3 ||    11
Armor: Scale mail        |    24 |       |       |       |       ||    24
       Chain mail        |    35 |   157 |   222 |    25 |       ||   439
       Plate armour      |       |       |       |   209 |   209 ||   418
Dodge: Dodged            |    27 |    62 |    64 |   216 |   225 ||   594
Block: Shield            |    47 |   126 |   156 |   329 |   293 ||   951
